 Dungeon Crawl Stone Soup version 0.30-a0-737-gf23d940 (webtiles) character file.

Game seed: 2835061052960748290

10021 PublicAnimeNo1 the Firebug (level 11, 0/84 HPs)
             Began as a Demonspawn Cinder Acolyte on Jan 31, 2023.
             Was an Initiate of Ignis.
             Slain by a very large slime creature (28 damage)
             ... in an ice cave.
             The game lasted 00:49:57 (12590 turns).

PublicAnimeNo1 the Firebug (DsCA)                  Turns: 12590, Time: 00:49:58

Health: 0/84       AC: 11    Str: 15    XL:     11   Next: 30%
Magic:  12/20      EV: 10    Int: 20    God:    Ignis [......]
Gold:   514        SH:  5    Dex:  8    Spells: 19/22 levels left

rFire   + + +      SeeInvis .    G - +2 demon blade (elec)
rCold   + . .      Faith    .    x - +1 buckler {AC+3}
rNeg    . . .      Spirit   .    b - +0 robe {rF+}
rPois   .          Reflect  .    p - +1 helmet
rElec   +          Harm     .    u - scarf {shadows}
rCorr   .          Rampage  .    (no gloves)
Will    +....                    (no boots)
Stlth   +++                      (no amulet)
HPRegen 0.34/turn                d - ring "Mihefy" {Fly rElec rF+ Slay+2}
MPRegen 0.17/turn                v - ring of willpower

@: flying
A: icy blue scales 3, demonic guardian 1, demonic touch 1
a: Renounce Religion, Rising Flame


You were in an ice cave.
You worshipped Ignis.
Ignis was noncommittal.
You visited 2 branches of the dungeon, and saw 12 of its levels.
You also visited: Ice Cave.

You collected 695 gold pieces.
You spent 181 gold pieces at shops.

Inventory:

Hand Weapons
 j - a +4 dagger of venom
 G - a +2 demon blade of electrocution (weapon)
Missiles
 D - 2 throwing nets
Armour
 b - a +0 robe of fire resistance (worn)
 i - +0 acid dragon scales
 p - a +1 helmet (worn)
 u - a scarf of shadows (worn)
 x - a +1 buckler of protection (worn)
 z - a +0 pair of gloves
Jewellery
 d - the ring "Mihefy" (left hand) {Fly rElec rF+ Slay+2}
   (You acquired it on level 9 of the Dungeon)

   [ring of flight]

   Slay:      It affects your accuracy & damage with ranged weapons and melee
   (+2).
   rF:        It protects you from fire.
   rElec:     It insulates you from electricity.
   Fly:       It grants you flight.
 g - a ring of fire
 v - a ring of willpower (right hand)
 y - a ring of fire
 C - a ring of resist corrosion
Wands
 h - a wand of paralysis (15)
 s - a wand of roots (5)
Scrolls
 c - 2 scrolls of fear
 e - a scroll of teleportation
 k - 7 scrolls of immolation
 n - 2 scrolls of fog
 q - a scroll of enchant armour
 E - 2 scrolls of enchant weapon
Potions
 a - 2 potions of resistance
 f - 2 potions of attraction
 l - 3 potions of magic
 m - 6 potions of degeneration
 o - 5 potions of mutation
 r - 4 potions of brilliance
 t - 3 potions of berserk rage
 w - 2 potions of invisibility
 A - a potion of curing
 B - a potion of might
 F - a potion of flight


   Skills:
 + Level 7.5 Fighting
 - Level 4.1(4.4) Short Blades
 * Level 2.3(3.5) Long Blades
 - Level 7.0 Stealth
 + Level 5.0 Shields
 - Level 6.3 Spellcasting
 + Level 5.5 Conjurations
 + Level 7.8 Fire Magic
 - Level 5.0 Evocations


You had 19 spell levels left.
You knew the following spells:

 Your Spells              Type           Power      Damage    Failure   Level
a - Scorch                Fire           74%        2d9       1%          2
b - Magic Dart            Conj           100%       1d8       1%          1

Your spell library contained the following spells:

 Spells                   Type           Power      Damage    Failure   Level
 Momentum Strike          Conj/Tloc      34%        3d8       6%          2
 Dazzling Flash           Conj/Hex       34%        N/A       12%         3
 Beastly Appendage        Tmut           12%        N/A       13%         1
 Mephitic Cloud           Conj/Pois/Air  13%        N/A       19%         3
 Blink                    Tloc           12%        N/A       21%         2
 Call Imp                 Summ           6%         N/A       21%         2
 Lesser Beckoning         Tloc           12%        N/A       21%         2
 Wereblood                Tmut           6%         N/A       21%         2
 Spider Form              Tmut/Pois      6%         N/A       36%         3
 Agony                    Necr           6%         N/A       98%         5
 Silence                  Hex/Air        3%         N/A       98%         5


Dungeon Overview and Level Annotations

Branches:
Dungeon (11/15)            Temple (0/1) D:4            Lair (1/5) D:8
  IceCv (1/1)
    Orc: D:9-12

Altars:
Hepliaklqana
Makhleb
Qazlal
Sif Muna
Trog
Wu Jian

Shops:
D:1 :   D:2 :[[   D:7 ?([   D:9 :

Portals:
Trove: D:10 (give +6 fire dragon scales)

Annotations:
D:1 1 transporter
D:2 1 runed translucent door, Crazy Yiuf
D:7 1 runed translucent door, Psyche
D:10 3 runed translucent doors, Route6x's ghost, journeyman MiBe IceCv exclusion: ice statue


Innate Abilities, Weirdness & Mutations

You are completely covered in icy blue scales. (AC +4, rC+)
A weak demonic guardian rushes to your aid.
Your touch may inflict minor irresistible damage on your foes.


Message History

You slash the slime creature!
The slime creature is moderately wounded.
The slime creature hits you but does no damage.
You hit the slime creature.
Lightning courses through the slime creature!!
The slime creature is severely wounded.
The slime creature barely misses you.
Two slime creatures merge to form a large slime creature.
You slash the large slime creature!
Lightning courses through the large slime creature!
The large slime creature is heavily wounded.
The large slime creature is no longer more vulnerable to fire.
Casting: Scorch (safe; 1% risk of failure)
Press: ? - help, Q - select action, (/) - cycle Dir - look around, f - activate Flames lash the large slime creature.
The large slime creature is heavily wounded.
The large slime creature's fire resistance burns away.
Two slime creatures merge to form a very large slime creature.
Casting: Scorch (safe; 1% risk of failure)
Press: ? - help, Q - select action, (/) - cycle Dir - look around, f - activate Flames lash the very large slime creature.
The very large slime creature is burned terribly!
The very large slime creature is heavily wounded.
Casting: Scorch (safe; 1% risk of failure)
Press: ? - help, Q - select action, (/) - cycle Dir - look around, f - activate Flames lash the very large slime creature.
The very large slime creature is burned terribly!
The very large slime creature is heavily wounded.
You barely miss the very large slime creature.
The very large slime creature is heavily wounded.
You block the very large slime creature's attack.
You slash the very large slime creature!
Lightning courses through the very large slime creature!
The very large slime creature is severely wounded.
The very large slime creature hits you!! x2
A demonic guardian appears!
You slash the very large slime creature!
The very large slime creature is severely wounded.
The very large slime creature hits you!!
You die...

##..#
#..## #..#
##..#
#..## ###
#..#
##.####.##
#...##..#
#∩4.@JZ.#
#...##..#
##.####.##
### #..#
#..# ##.##
#..# #..#
##..#


You could see a very large slime creature (combustible, ally target), a
shapeshifter simulacrum and a friendly rust devil (summoned).

Vanquished Creatures
  A two-headed ogre (D:10)
  Pikel (D:7)
  Maurice (D:8)
  2 unseen horrors
  Prince Ribbit (D:7)
  2 shadows
  Sigmund (D:3)
  A slime creature (IceCv)
  14 yaks (D:10)
  Grum (D:8)
  A steam dragon (D:8)
  3 wargs (D:8)
  2 water moccasins
  4 orc warriors
  2 sky beasts (D:7)
  2 black bears
  An ice beast (D:5)
  2 wolves
  2 centaurs (D:9)
  A kobold brigand (D:9)
  3 phantoms
  3 bullfrogs
  A necrophage (D:8)
  A gnoll sergeant (D:6)
  2 scorpions
  A glowing shapeshifter simulacrum (IceCv)
  5 wights (D:8)
  8 killer bees
  An electric eel (D:7)
  A howler monkey (D:7)
  5 hounds
  15 orc priests
  A gnoll bouda (D:7)
  3 iguanas
  4 jellies
  Ijyb (D:3)
  Jessica (D:3)
  8 orc wizards
  Natasha (thrice) (D:2)
  2 shapeshifter simulacra (IceCv)
  8 adders
  20 gnolls
  2 shadow imps (D:6)
  2 white imps
  An ufetubus (D:5)
  2 worms
  2 dart slugs
  43 orcs
  5 endoplasms
  5 giant cockroaches
  8 goblins
  12 hobgoblins
  2 jackals (D:1)
  12 kobolds
  6 quokkas
  3 ball pythons
  4 bats
  4 frilled lizards
  8 rats
  A spectral goblin (D:3)
264 creatures vanquished.

Vanquished Creatures (collateral kills)
  An acid dragon (D:11)
  An orc warrior (D:9)
  A gnoll sergeant (D:11)
  2 orcs
5 creatures vanquished.

Vanquished Creatures (others)
  46 foxfires
  A plant (D:8)
47 creatures vanquished.

Grand Total: 316 creatures vanquished

Notes
Turn   | Place    | Note
-------+----------+-------------------------------------------
     0 | D:1      | PublicAnimeNo1 the Demonspawn Cinder Acolyte began the
                  | quest for the Orb.
     0 | D:1      | Reached XP level 1. HP: 18/18 MP: 2/2
    62 | D:1      | Gained mutation: You are partially covered in icy blue
                  | scales. (AC +2) [demonic ancestry]
    62 | D:1      | Reached XP level 2. HP: 18/24 MP: 3/3
   277 | D:1      | Reached skill level 1 in Stealth
   611 | D:1      | Learned a level 2 spell: Scorch
   651 | D:1      | Found Qatorch's Book Shop.
   814 | D:1      | Gained mutation: You are mostly covered in icy blue scales.
                  | (AC +3) [demonic ancestry]
   814 | D:1      | Reached XP level 3. HP: 23/29 MP: 4/4
  1210 | D:2      | Found Ygoq's Book Shop.
  1286 | D:2      | Noticed Natasha
  1296 | D:2      | Killed Natasha
  1297 | D:2      | Gained mutation: Your touch may inflict minor irresistible
                  | damage on your foes. [demonic ancestry]
  1297 | D:2      | Reached XP level 4. HP: 27/37 MP: 2/5
  1301 | D:2      | Found Satineph's Antique Armour Boutique.
  1375 | D:2      | Found Datahaf's Antique Armour Emporium.
  1464 | D:2      | Noticed Natasha
  1472 | D:2      | Killed Natasha
  1529 | D:2      | Noticed Natasha
  1535 | D:2      | Killed Natasha
  1590 | D:2      | Found a runed translucent door.
  1591 | D:2      | Noticed Crazy Yiuf
  1734 | D:2      | Reached XP level 5. HP: 42/42 MP: 6/6
  2056 | D:3      | Found a stormy altar of Qazlal.
  2097 | D:3      | Found a hazy altar of Hepliaklqana.
  2097 | D:3      | Noticed Jessica
  2097 | D:3      | Noticed Ijyb
  2103 | D:3      | Killed Jessica
  2106 | D:3      | Paralysed by Ijyb for 5 turns
  2113 | D:3      | Paralysed by Ijyb for 4 turns
  2118 | D:3      | Killed Ijyb
  2275 | D:3      | Found a faded altar of an unknown god.
  2321 | D:3      | Found a bloodstained altar of Trog.
  2348 | D:3      | Noticed Sigmund
  2414 | D:3      | Gained mutation: You are completely covered in icy blue
                  | scales. (AC +4, rC+) [demonic ancestry]
  2414 | D:3      | Reached XP level 6. HP: 35/49 MP: 7/7
  2669 | D:3      | Killed Sigmund
  3105 | D:4      | Reached skill level 5 in Fighting
  3105 | D:4      | Reached XP level 7. HP: 48/56 MP: 9/9
  3313 | D:4      | Found a staircase to the Ecumenical Temple.
  3773 | D:5      | Entered Level 5 of the Dungeon
  3785 | D:5      | Reached skill level 1 in Evocations
  3938 | D:5      | Found a glowing drain.
  4342 | D:5      | Reached skill level 5 in Fire Magic
  4402 | D:5      | Gained mutation: A weak demonic guardian rushes to your
                  | aid. [demonic ancestry]
  4402 | D:5      | Reached XP level 8. HP: 62/62 MP: 12/12
  5050 | D:6      | Reached skill level 5 in Stealth
  5605 | D:7      | Found Dono's Armour Emporium.
  5637 | D:7      | Bought a +1 buckler of protection for 181 gold pieces
  5644 | D:7      | Learned a level 1 spell: Magic Dart
  5758 | D:7      | Found Riosuuh's Antique Weapon Shop.
  5780 | D:7      | Found Axzib's Magic Scroll Shoppe.
  5795 | D:7      | Reached XP level 9. HP: 39/69 MP: 12/15
  5812 | D:7      | Reached skill level 1 in Conjurations
  5816 | D:7      | Reached skill level 1 in Shields
  6487 | D:7      | Found a runed translucent door.
  6488 | D:7      | Found a burning altar of Makhleb.
  6488 | D:7      | Noticed a sixfirhy
  6516 | D:7      | Found a shimmering blue altar of Sif Muna.
  6603 | D:8      | Noticed Maurice
  6627 | D:8      | Killed Maurice
  6972 | D:8      | Noticed Grum
  6983 | D:8      | Noticed Psyche
  6985 | D:8      | Noticed Prince Ribbit
  6988 | D:8      | Killed Grum
  7116 | D:8      | Noticed Pikel
  7341 | D:7      | Upgraded the game from 0.30-a0-728-gc68057b to
                  | 0.30-a0-737-gf23d940
  7517 | D:7      | Killed Prince Ribbit
  7521 | D:7      | Killed Pikel
  7522 | D:7      | Reached skill level 5 in Spellcasting
  7522 | D:7      | Reached XP level 10. HP: 39/77 MP: 17/17
  7787 | D:8      | Reached skill level 5 in Evocations
  7983 | D:8      | Found a staircase to the Lair.
  8044 | D:8      | Found an ornate altar of the Wu Jian Council.
  8174 | Lair:1   | Entered Level 1 of the Lair of Beasts
  8924 | D:8      | Found the +7 staff of the Meek {protect, meekguard}
  9154 | D:9      | Identified a scroll of acquirement
  9154 | D:9      | Acquired the ring "Mihefy" {Fly rElec rF+ Slay+2}
  9417 | D:9      | Found Qaes's Self-Improvement Boutique.
 10261 | D:10     | Entered Level 10 of the Dungeon
 11011 | D:10     | Found a runed translucent gate.
 11011 | D:10     | Found a runed translucent gate.
 11011 | D:10     | Noticed Route6x's ghost (journeyman MiBe)
 11013 | D:10     | Found a runed translucent gate.
 11013 | D:10     | Noticed a two-headed ogre
 11120 | D:10     | Reached skill level 5 in Conjurations
 11302 | D:10     | Noticed a two-headed ogre
 11314 | D:10     | Killed a two-headed ogre
 11315 | D:10     | Reached XP level 11. HP: 62/84 MP: 17/20
 11385 | D:10     | Found a portal to a secret trove of treasure.
 11407 | D:10     | Acquired a +2 demon blade of electrocution
 11488 | D:10     | Reached skill level 1 in Long Blades
 12039 | D:11     | HP: 6/126 [something (3)]
 12043 | D:11     | Reached skill level 5 in Shields
 12276 | D:11     | Found a frozen archway.
 12448 | IceCv    | Entered an ice cave
 12590 | IceCv    | Slain by a very large slime creature

Illustrated notes

Levels and vault maps discovered:
D:1:      spicycebolla_arrival_risky_transporter, layout_rooms, serial_shops,
          nicolae_shop_hallway_plus, nicolae_hexahallways, minmay_box_of_dots
D:2:      layout_rooms, serial_shops, nicolae_shop_stone, shop, shop,
          uniq_crazy_yiuf_cottage, uniq_natasha
D:3:      layout_basic, nicolae_hepliaklqana_monster_ancestors,
          lemuel_tele_altar, trog_butcher_becter,
          dreamdust_ecumenical_altar_statues, uniq_jessica, uniq_sigmund,
          uniq_ijyb
D:4:      layout_gridville, lemuel_temple_firewalk_a
D:5:      layout_loops_ring, cheibrodos_sewer_entry_sluice, minmay_checkerbox
D:6:      layout_rooms, mainiacjoe_overflow_alcove_1, grunt_decor_arrowhead,
          centaur_isle
D:7:      layout_rooms, nzn_makhleb_speed_demon, pf_just_have_faith,
          serial_shops, nicolae_shop_waterfront, shop, kennysheep_mini,
          kennysheep_doodads, mrwooster_statue_mirror
D:8:      layout_loops_ring, nicolae_tso_swordbearing_angel,
          gammafunk_temple_overflow_wave, erik_lair_orcish_takeover,
          pf_guarded_unrand_meek, uniq_maurice, uniq_prince_ribbit1, uniq_pikel,
          uniq_psyche, uniq_grum
D:9:      layout_basic, amethyst_killhole, nicolae_shop_self_help
D:10:     layout_irregular_city, nicolae_trove_entry_free_sample,
          gammafunk_ghost_split
D:11:     minmay_tile_spiral, layout_loops_ring, david_orc_1_choice,
          portal_ice_cave_entry_pillars_1, nicolae_shop_firing_range
Lair:1:   layout_cave_pods, lemuel_fruit_tree, uniq_maggie
IceCv:    ice_cave_hellmonk_azure_passage

Skill      XL: |  1  2  3  4  5  6  7  8  9 10 11 |
---------------+----------------------------------+-----
Stealth        | 1 2 3 4 5 6 7 |  7.0
Fire Magic     | 3 4 5 6 7 |  7.8
Fighting       | 4 5 6 7 |  7.5
Short Blades   | 3 4 |  4.1
Spellcasting   | 2 4 5 6 |  6.3
Evocations     | 2 3 4 5 |  5.0
Conjurations   | 3 5 |  5.5
Shields        | 2 4 5 |  5.0
Long Blades    | 2 |  2.3

Action                     |  1- 3 |  4- 6 |  7- 9 | 10-12 || total
---------------------------+-------+-------+-------+-------++-------
  Melee: Short sword       |   127 |    27 |       |       ||   154
         Touch             |       |    19 |    31 |       ||    50
         Dagger            |       |    74 |   331 |   238 ||   643
         Punch             |       |     2 |       |       ||     2
         Unarmed           |       |       |     4 |       ||     4
         Demon blade       |       |       |       |    81 ||    81
   Cast: Scorch            |     8 |    12 |    38 |    42 ||   100
         Magic Dart        |       |       |       |    28 ||    28
 Invoke: Foxfire Swarm     |     1 |     2 |       |       ||     3
         Fiery Armour      |     1 |     3 |     4 |       ||     8
  Evoke: Wand              |       |       |     1 |    11 ||    12
    Use: Scroll            |       |    10 |     7 |    10 ||    27
         Potion            |       |     3 |     2 |     5 ||    10
   Stab: Sleeping          |     2 |     2 |     8 |     2 ||    14
         Distracted        |       |       |     2 |       ||     2
         Paralysed         |       |       |       |     1 ||     1
 Armour: Robe              |    10 |     8 |   133 |   130 ||   281
         Leather armour    |    26 |    25 |       |       ||    51
         Skin              |       |       |     1 |    36 ||    37
  Dodge: Dodged            |    64 |    44 |   129 |   125 ||   362
  Block: Buckler           |       |       |    18 |    88 ||   106

Table legend: (Time is in decaauts)
 A = Elapsed time spent in this place.
 B = Non-inter-level travel time spent in this place.
 C = Inter-level travel time spent in this place.
 D = Time resting spent in this place.
 E = Time spent auto-exploring this place.
 F = Levels seen in this place.
 G = Mean time per level.
                   A        B        C        D        E       F      G
               +--------+--------+--------+--------+--------+-----+--------+
         Total |  12494 |  11932 |    562 |   2286 |   7243 |  13 |  961.1 |
       Dungeon |  12202 |  11640 |    562 |   2059 |   7233 |  11 | 1109.3 |
          Lair |    149 |    149 |      0 |    148 |      0 |   1 |  149.0 |
      Ice Cave |    142 |    142 |      0 |     79 |     10 |   1 |  142.0 |
               +--------+--------+--------+--------+--------+-----+--------+

Top non-repeatable levels by time:
     D:8: 1999 daAuts
    D:10: 1679 daAuts
     D:7: 1564 daAuts
     D:5: 1023 daAuts
     D:3: 1006 daAuts
     D:1: 994 daAuts
     D:2: 925 daAuts
     D:9: 881 daAuts
     D:4: 822 daAuts
     D:6: 794 daAuts
    D:11: 508 daAuts
  Lair:1: 149 daAuts
   IceCv: 142 daAuts
